 Dungeon Crawl Stone Soup version 0.31-a0-108-gdf935468f2 (webtiles) character file.

Game seed: 1127938347161760100

200 rapeowns the Firebug (level 5, -1/39 HPs)
             Began as a Draconian Fire Elementalist on May 28, 2023.
             Was a High Priest of Ignis.
             Slain by a water moccasin (2 damage)
             ... on level 3 of the Dungeon.
             The game lasted 00:05:34 (2831 turns).

rapeowns the Firebug (Draconian Fire Elementalist)  Turns: 2831, Time: 00:05:34

Health: -1/39      AC:  5    Str: 13 (14) XL:     5   Next: 48%
Magic:  1/10       EV: 12    Int: 14 (16) God:    Ignis [*****.]
Gold:   130        SH:  0    Dex: 10 (11) Spells: 2/11 levels left

rFire   + . .        e - +0 dagger
rCold   . . .        (no shield)
rNeg    . . .        (body armour unavailable)
rPois   .            (helmet restricted)
rElec   .            (no cloak)
rCorr   .            (no gloves)
SInv    .            (no boots)
Will    +....        (no amulet)
Stlth   ++           (no ring)
HPRegen 0.26/turn    (no ring)
MPRegen 0.12/turn

%: no passive effects
@: lethally poisoned (-1 -> -22), enlightened, flying, unable to drink
A: AC +5, unfitting armour, cold-blooded, big wings, strong 1, inability to
drink after injury 1, MP-powered wands
a: Renounce Religion, Fiery Armour, Foxfire Swarm, Rising Flame


You were on level 3 of the Dungeon.
You worshipped Ignis.
Ignis was extremely pleased with you.
You visited 1 branch of the dungeon, and saw 3 of its levels.

You collected 130 gold pieces.

Inventory:

Hand Weapons
 e - a +0 dagger (weapon)
Armour
 d - a +0 pair of gloves
Jewellery
 g - an amulet of guardian spirit
 m - a ring of flight
Scrolls
 f - a scroll of vulnerability {unknown}
 h - 2 scrolls of identify {unknown}
 i - 2 scrolls of fog {unknown}
 k - a scroll of brand weapon {unknown}
 l - 2 scrolls of poison {unknown}
 n - 2 scrolls of enchant armour {unknown}
 o - a scroll of teleportation {unknown}
Potions
 a - a potion of magic
 c - a potion of enlightenment
 j - a potion of curing


   Skills:
 + Level 0.9 Fighting
 + Level 0.1 Short Blades
 + Level 2.2 Dodging
 + Level 2.4 Stealth
 + Level 3.6 Spellcasting
 + Level 1.0 Conjurations
 + Level 0.5 Translocations
 + Level 4.3 Fire Magic


You had 2 spell levels left.
You knew the following spells:

 Your Spells              Type           Power      Damage    Failure   Level
a - Foxfire               Conj/Fire      40%        2x1d6     7%          1
b - Scorch                Fire           28%        2d6       4%          2
c - Inner Flame           Hex/Fire       8%         N/A       24%         3
d - Volatile Blastmotes   Fire/Tloc      18%        2d11      22%         3

Your spell library contained the following spells:

 Spells                   Type           Power      Damage    Failure   Level
 Flame Wave               Conj/Fire      10%        2d6       54%         4


Dungeon Overview and Level Annotations

Branches:
Dungeon (3/15)

Altars:
Ignis


Innate Abilities, Weirdness & Mutations

Your plain brown scales are hard. (AC +5)
You cannot fit into any form of body armour.
You are cold-blooded and may be slowed by cold attacks.
Your large and strong wings let you fly.
Your muscles are strong. (Str +4, Int/Dex -1)
You occasionally lose the ability to drink potions when taking damage.
You expend magic power (3 MP) to strengthen your wands.


Message History

The water moccasin bites you!
You barely miss the water moccasin.
The water moccasin is almost dead.
The water moccasin barely misses you.
You hit the water moccasin.
The water moccasin is almost dead.
The water moccasin bites you. x2
You are poisoned.
The water moccasin poisons you!
You miss the water moccasin.
The water moccasin is almost dead.
You feel very sick. The water moccasin misses you.
It was a potion of curing.
You feel better.
The water moccasin completely misses you.
The water moccasin bites you.
You miss the water moccasin.
The water moccasin is almost dead.
The water moccasin bites you.
* * * LOW HITPOINT WARNING * * *
You are poisoned.
The water moccasin poisons you!
You aren't carrying any items that you can evoke.
It was a potion of degeneration.
There was something very wrong with that liquid.
You feel weakened.
You feel dopey.
You feel clumsy.
You feel sick.
The water moccasin is no longer more vulnerable to fire.
The water moccasin closely misses you.
It was a potion of mutation.
You feel extremely strange.
You feel stronger.
You feel your magical essence link to the dungeon's wands.
You occasionally lose the ability to drink potions when taking damage.
Your wings grow larger and stronger.
You feel sick. The water moccasin bites you!
You feel threatened and lose the ability to drink potions!
* * * LOW HITPOINT WARNING * * *
You are more poisoned.
The water moccasin poisons you! The water moccasin bites you.
You die...

.##...............#
.##.###..###..###.# .
.##.#....#....#.#.# .#
....###..###..#.#.##.##.
.)#...............#....
#)###.........#####..#
#[# ##.######..##....#
#<# #.# #..##.#.#######
######.# #...@..........
....##.# #.###S..)####
#.####.# #..)..##.†..#
..####.# ###########...#
##.....# #... #.##### #.
#.# #.# ###


You could see a water moccasin.

Vanquished Creatures
  2 orc wizards (D:3)
  Robin (D:2)
  4 gnolls (D:3)
  4 adders
  3 worms (D:2)
  A dart slug (D:2)
  5 orcs (D:3)
  2 bats
  6 endoplasms
  3 hobgoblins
  3 kobolds
  A quokka (D:1)
  6 ball pythons
  3 frilled lizards
  11 goblins
  2 rats (D:2)
57 creatures vanquished.

Vanquished Creatures (others)
  18 foxfires (D:1)
18 creatures vanquished.

Grand Total: 75 creatures vanquished

Notes
Turn   | Place    | Note
-------+----------+-------------------------------------------
     0 | D:1      | rapeowns the Draconian Fire Elementalist began the quest
                  | for the Orb.
     0 | D:1      | Reached XP level 1. HP: 14/14 MP: 3/3
   182 | D:1      | Found a faded altar of an unknown god.
   191 | D:1      | Prayed at the altar of an unknown god.
   191 | D:1      | Became a worshipper of Ignis, the Dying Flame
   312 | D:1      | Reached XP level 2. HP: 20/20 MP: 3/5
   372 | D:1      | Learned a level 2 spell: Scorch
   893 | D:2      | Identified the +7 sling of Indignation {heavy, Str+2 Int+3}
  1168 | D:2      | Reached XP level 3. HP: 21/26 MP: 0/6
  1228 | D:2      | Noticed Robin
  1268 | D:2      | Killed Robin
  1586 | D:2      | Reached XP level 4. HP: 9/34 MP: 0/8
  2097 | D:3      | Reached skill level 4 in Fire Magic
  2234 | D:3      | Reached XP level 5. HP: 39/39 MP: 4/9
  2240 | D:3      | Learned a level 3 spell: Inner Flame
  2244 | D:3      | Learned a level 3 spell: Volatile Blastmotes
  2811 | D:3      | Noticed a water moccasin
  2831 | D:3      | Gained mutation: Your muscles are strong. (Str +4, Int/Dex
                  | -1) [potion of mutation]
  2831 | D:3      | Gained mutation: You expend magic power (3 MP) to
                  | strengthen your wands. [potion of mutation]
  2831 | D:3      | Gained mutation: You occasionally lose the ability to drink
                  | potions when taking damage. [potion of mutation]
  2831 | D:3      | Gained mutation: Your large and strong wings let you fly.
                  | [potion of mutation]
  2831 | D:3      | HP: 1/39 [water moccasin (7)]
  2831 | D:3      | Slain by a water moccasin

Illustrated notes

Levels and vault maps discovered:
D:1:      denvon_arrival_planthouse, layout_loops_ring,
          dreamdust_ecumenical_altar_statues, minmay_tetromino_i4
D:2:      layout_basic, uniq_robin
D:3:      layout_basic, nicolae_elyvilon_temple_path, led_sif_book,
          nicolae_wu_jian_glorious_leap, tgw_trog, minmay_misc_feat_nine_boxes,
          uniq_ijyb

Skill      XL: |  1  2  3  4 |
---------------+-------------+-----
Stealth        | 2 |  2.4
Dodging        | 2 |  2.2
Spellcasting   | 3 |  3.6
Fire Magic     | 4 |  4.3
Fighting       | |  0.9
Short Blades   | |  0.1
Conjurations   | |  1.0
Translocations | |  0.5

Action                     |  1- 3 |  4- 6 || total
---------------------------+-------+-------++-------
  Melee: Unarmed           |     6 |       ||     6
         Dagger            |    39 |    11 ||    50
         Tailslap          |     9 |       ||     9
         Punch             |     1 |       ||     1
   Cast: Foxfire           |    10 |       ||    10
         Scorch            |    26 |    32 ||    58
         Volatile Blastmot |       |     2 ||     2
    Use: Potion            |       |     4 ||     4
   Stab: Sleeping          |     1 |       ||     1
 Armour: Skin              |    15 |     5 ||    20
  Dodge: Dodged            |    43 |    25 ||    68

Table legend: (Time is in decaauts)
 A = Elapsed time spent in this place.
 B = Non-inter-level travel time spent in this place.
 C = Inter-level travel time spent in this place.
 D = Time resting spent in this place.
 E = Time spent auto-exploring this place.
 F = Levels seen in this place.
 G = Mean time per level.
                   A        B        C        D        E       F      G
               +--------+--------+--------+--------+--------+-----+--------+
         Total |   2841 |   2778 |     63 |    262 |   2046 |   3 |  947.0 |
       Dungeon |   2841 |   2778 |     63 |    262 |   2046 |   3 |  947.0 |
               +--------+--------+--------+--------+--------+-----+--------+

Top non-repeatable levels by time:
     D:2: 1559 daAuts
     D:1: 716 daAuts
     D:3: 565 daAuts
